 Dungeon Crawl Stone Soup version 0.31-a0-369-g8eba5f6939 (webtiles) character file.

Game seed: 14495987247633169722

825 pokeman the Thaumaturge (level 7, -6/40 HPs)
             Began as a Deep Elf Hedge Wizard on July 28, 2023.
             Mangled by a gnoll
             ... wielding a +0 halberd
             ... led by a gnoll bouda
              (8 damage)
             ... on level 5 of the Dungeon.
             The game lasted 00:07:41 (4038 turns).

pokeman the Thaumaturge (Deep Elf Hedge Wizard)     Turns: 4038, Time: 00:07:41

Health: -6/40      AC:  3    Str:  7    XL:     7   Next: 64%
Magic:  10/21      EV: 13    Int: 21    God:
Gold:   164        SH:  0    Dex: 14    Spells: 15/23 levels left

rFire   . . .        a - +2 dagger (venom)
rCold   . . .        (no shield)
rNeg    . . .        b - +0 robe
rPois   .            c - +0 hat
rElec   .            (no cloak)
rCorr   .            s - +0 pair of gloves
SInv    .            (no boots)
Will    .....        g - amulet of magic regeneration
Stlth   ++           (no ring)
HPRegen 0.26/turn    (no ring)
MPRegen 0.57/turn

%: no passive effects
@: no status effects
A: no striking features
a: no special abilities


You were on level 5 of the Dungeon.
You visited 1 branch of the dungeon, and saw 5 of its levels.

You collected 164 gold pieces.

Inventory:

Hand Weapons
 a - a +2 dagger of venom (weapon)
Armour
 b - a +0 robe (worn)
 c - a +0 hat (worn)
 s - a +0 pair of gloves (worn)
Jewellery
 g - an amulet of magic regeneration (around neck)
Scrolls
 h - 2 scrolls of teleportation {unknown}
 j - 5 scrolls of identify {unknown}
 k - a scroll of immolation {unknown}
 l - 3 scrolls of enchant weapon {unknown}
 m - a scroll of brand weapon {unknown}
 n - a scroll of vulnerability {unknown}
 o - a scroll of blinking {unknown}
 p - 2 scrolls of enchant armour {unknown}
 q - a scroll of noise {unknown}
 t - 2 scrolls of fog {unknown}
 u - a scroll of butterflies {unknown}
Potions
 d - 3 potions of magic
 e - 3 potions of curing {unknown}
 f - a potion of lignification {unknown}
 i - 2 potions of heal wounds {unknown}
 r - a potion of resistance {unknown}


   Skills:
 - Level 2.0 Fighting
 + Level 1.8 Armour
 - Level 3.1 Dodging
 - Level 3.0 Stealth
 * Level 8.8 Spellcasting
 + Level 4.5 Conjurations
 - Level 1.1 Summonings
 - Level 1.1 Translocations
 - Level 1.0 Air Magic
 - Level 1.2 Poison Magic


You had 15 spell levels left.
You knew the following spells:

 Your Spells              Type           Power      Damage    Failure   Level
a - Magic Dart            Conj           100%       1d8       1%          1
b - Mephitic Cloud        Conj/Pois/Air  18%        N/A       9%          3
c - Call Imp              Summ           26%        N/A       7%          2
d - Blink                 Tloc           26%        N/A       7%          2

Your spell library contained the following spells:

 Spells                   Type           Power      Damage    Failure   Level
 Slow                     Hex            36%        N/A       8%          1
 Cigotuvi's Dreadful Rot  Necr/Pois/Air  24%        N/A       9%          2
 Sublimation of Blood     Necr           9%         N/A       11%         2
 Wereblood                Tmut           9%         N/A       11%         2
 Summon Hydra             Summ           6%         N/A       100%        7


Dungeon Overview and Level Annotations

Branches:
Dungeon (5/15)             Temple (0/1) D:5

Altars:
Ashenzari
Gozag
Sif Muna
Wu Jian


Message History

A gnoll bouda comes into view. It is wielding a +0 whip.
The gnoll is engulfed in noxious fumes.
The gnoll appears confused.
The gnoll is engulfed in noxious fumes.
The gnoll appears confused.
The gnoll is engulfed in noxious fumes.
The gnoll bouda barks out a call to the hunt!
The gnoll picks up the pace!
Casting: Mephitic Cloud (dangerous; 9% risk of failure)
Confirm with . or Enter, or press ? or * to list all spells.
Aiming: Mephitic Cloud (dangerous; 9% risk of failure)
Press: ? - help, Shift-Dir - straight line, f - gnoll
Aim: a gnoll, wielding a +0 flail (covering ground quickly, chance to affect: 91%)
The ball explodes into a vile cloud!
The stinking cloud engulfs the gnoll but does no damage.
The gnoll is engulfed in noxious fumes.
The gnoll appears confused.
The gnoll closely misses you.
Unknown command.
Unknown command.
You hit the gnoll.
The gnoll is poisoned.
The gnoll is lightly wounded.
The gnoll is engulfed in noxious fumes.
The gnoll appears confused.
The gnoll hits something with a +0 flail!
A gnoll comes into view. It is wielding a +0 flail.
The gnoll hits you with a +0 halberd!
* * * LOW HITPOINT WARNING * * *
The gnoll bouda is engulfed in noxious fumes.
Something hits the gnoll.
The gnoll closely misses the gnoll sergeant.
The gnoll bouda barks out a call to the hunt!
The gnoll picks up the pace!
Something closely misses the gnoll bouda.
Casting: Mephitic Cloud (dangerous; 9% risk of failure)
Confirm with . or Enter, or press ? or * to list all spells.
Aiming: Mephitic Cloud (dangerous; 9% risk of failure)
Press: ? - help, Shift-Dir - straight line, p - gnoll The ball explodes into a vile cloud!
The stinking cloud engulfs the gnoll but does no damage.
The gnoll is lightly wounded.
The stinking cloud engulfs the gnoll sergeant but does no damage.
The gnoll hits you with a +0 halberd!
You die...

#.. #.g.# #....b.
#..### #.#)## #......
##..g.# #.#g.# #......
...○..####.##g###......
#.>.gg..$##..##......
#.°g#.######.##......
##g.g☼☼........).....
##.g.§...b...#......
#.@.........###....
####........# #####
#...>....# #........#
#........# #........# .


You could see a gnoll sergeant, a gnoll bouda and 4 gnolls.

Vanquished Creatures
  Menkaure (D:5)
  An ogre (D:5)
  A phantom (D:4)
  A scorpion (D:5)
  2 jellies
  3 orc priests
  A hound (D:5)
  5 orc wizards (D:4)
  2 gnolls (D:5)
  5 adders
  3 worms
  2 dart slugs
  16 orcs
  8 endoplasms
  5 giant cockroaches
  4 goblins
  6 hobgoblins
  4 jackals (D:1)
  7 kobolds
  A quokka (D:1)
  6 ball pythons
  4 bats
  5 frilled lizards
  7 rats
100 creatures vanquished.

Notes
Turn   | Place    | Note
-------+----------+-------------------------------------------
     0 | D:1      | pokeman the Deep Elf Hedge Wizard began the quest for the
                  | Orb.
     0 | D:1      | Reached XP level 1. HP: 10/10 MP: 7/7
   181 | D:1      | Reached XP level 2. HP: 15/15 MP: 7/9
   735 | D:1      | Reached skill level 5 in Spellcasting
  1315 | D:2      | Found a shimmering blue altar of Sif Muna.
  1320 | D:2      | Reached XP level 3. HP: 20/20 MP: 11/11
  1324 | D:2      | Learned a level 3 spell: Mephitic Cloud
  1327 | D:2      | Learned a level 2 spell: Call Imp
  1330 | D:2      | Learned a level 2 spell: Blink
  1782 | D:2      | Reached skill level 1 in Fighting
  1966 | D:3      | Reached skill level 1 in Armour
  2012 | D:3      | Reached XP level 4. HP: 25/25 MP: 8/13
  2457 | D:3      | Found a broken altar of Ashenzari.
  2457 | D:3      | Found an opulent altar of Gozag.
  2828 | D:4      | Reached skill level 6 in Spellcasting
  2828 | D:4      | Reached XP level 5. HP: 19/29 MP: 10/15
  3034 | D:4      | Noticed a phantom
  3047 | D:4      | Killed a phantom
  3048 | D:4      | Reached skill level 1 in Air Magic
  3048 | D:4      | Reached skill level 1 in Poison Magic
  3148 | D:4      | Reached XP level 6. HP: 11/34 MP: 17/17
  3278 | D:4      | Reached skill level 7 in Spellcasting
  3453 | D:4      | Found an ornate altar of the Wu Jian Council.
  3636 | D:5      | Entered Level 5 of the Dungeon
  3691 | D:5      | Reached XP level 7. HP: 27/40 MP: 13/20
  3770 | D:5      | Reached skill level 8 in Spellcasting
  3771 | D:5      | Noticed Menkaure
  3781 | D:5      | Killed Menkaure
  4028 | D:5      | Found a staircase to the Ecumenical Temple.
  4035 | D:5      | HP: 2/40 [gnoll/+0 halberd[a gnoll bouda] (14)]
  4038 | D:5      | Mangled by a gnoll

Illustrated notes

Levels and vault maps discovered:
D:1:      saegor_arrival_simple_e, layout_loops_corners
D:2:      layout_basic, basic_altar
D:3:      layout_basic, nicolae_overflow_two_pavilions
D:4:      layout_cave_pools, kennysheep_mini_moat, kennysheep_generic_room_5
D:5:      layout_basic, minmay_temple_entry_butterflies, serial_shops, shop,
          uniq_menkaure, uniq_sigmund

Skill      XL: |  1  2  3  4  5  6  7 |
---------------+----------------------+-----
Spellcasting   | 5 6 7 8 |  8.8
Fighting       | 1 2 |  2.0
Armour         | 1 |  1.8
Conjurations   | 2 3 4 |  4.5
Dodging        | 3 |  3.1
Stealth        | 3 |  3.0
Air Magic      | 1 |  1.0
Poison Magic   | 1 |  1.2
Summonings     | |  1.1
Translocations | |  1.1

Action                     |  1- 3 |  4- 6 |  7- 9 || total
---------------------------+-------+-------+-------++-------
  Melee: Dagger            |    22 |    49 |     4 ||    75
         Punch             |       |     2 |       ||     2
   Cast: Magic Dart        |    87 |   148 |    31 ||   266
         Mephitic Cloud    |     1 |     9 |     6 ||    16
   Stab: Sleeping          |     2 |       |       ||     2
         Confused          |     1 |     5 |     1 ||     7
 Armour: Robe              |     6 |     7 |     1 ||    14
  Dodge: Dodged            |    25 |    36 |    10 ||    71

Table legend: (Time is in decaauts)
 A = Elapsed time spent in this place.
 B = Non-inter-level travel time spent in this place.
 C = Inter-level travel time spent in this place.
 D = Time resting spent in this place.
 E = Time spent auto-exploring this place.
 F = Levels seen in this place.
 G = Mean time per level.
                   A        B        C        D        E       F      G
               +--------+--------+--------+--------+--------+-----+--------+
         Total |   4035 |   3955 |     80 |      0 |   3375 |   5 |  807.0 |
       Dungeon |   4035 |   3955 |     80 |      0 |   3375 |   5 |  807.0 |
               +--------+--------+--------+--------+--------+-----+--------+

Top non-repeatable levels by time:
     D:1: 1285 daAuts
     D:3: 895 daAuts
     D:4: 814 daAuts
     D:2: 638 daAuts
     D:5: 401 daAuts
